 Dungeon Crawl Stone Soup version 0.25.0-26-g0c896c7 (webtiles) character file.

Game seed: 4133210306173880663

2784 robertstho the Spear-Bearer (level 9, -2/69 HPs)
             Began as a Merfolk Gladiator on July 5, 2020.
             Slain by a yak (11 damage)
             ... on level 9 of the Dungeon.
             The game lasted 00:16:57 (6914 turns).

robertstho the Spear-Bearer (Merfolk Gladiator)     Turns: 6914, Time: 00:16:58

Health: -2/69      AC: 18    Str: 16 (17) XL:     9   Next: 70%
Magic:  9/9        EV: 11    Int:  5 (8)  God:
Gold:   329        SH:  0    Dex: 14 (15) Spells: 8/8 levels left

rFire    + . .     SeeInvis .   c - +0 halberd
rCold    + . .     Gourm    .   (shield currently unavailable)
rNeg     . . .     Faith    .   q - +0 plate armour
rPois    .         Spirit   .   g - +0 helmet
rElec    .         Reflect  .   L - scarf {rC+ rF+}
rCorr    .         Harm     .   e - +0 pair of gloves
MR       .....                  (no boots)
Stlth    ..........             (no amulet)
HPRegen  0.21/turn              y - +4 ring of evasion
MPRegen  0.11/turn              A - +4 ring of protection

@: flying
A: change form in water, swift swim, stealthy swim
a: no special abilities


You were on level 9 of the Dungeon.
You were not hungry.

You visited 2 branches of the dungeon, and saw 9 of its levels.

You collected 329 gold pieces.

Inventory:

Hand Weapons
 a - a +0 trident
 c - a +0 halberd (weapon)
 E - the +8 quarterstaff of Starshine {speed, rElec, unknown}
   (You found it on level 5 of the Dungeon)

   Attacks with this weapon are significantly faster.
   It insulates you from electricity.
Missiles
 d - 3 throwing nets (quivered)
Armour
 e - a +0 pair of gloves (worn)
 g - a +0 helmet (worn)
 q - a +0 plate armour (worn)
 L - a scarf of resistance (worn)
Jewellery
 y - a +4 ring of evasion (left hand)
 z - an uncursed ring of ice
 A - a +4 ring of protection (right hand)
 B - a +6 ring of intelligence
 F - an uncursed ring of stealth {unknown}
Wands
 i - a wand of polymorph (6)
 D - a wand of enslavement (5)
 G - a wand of flame (14)
 H - a wand of paralysis (8)
Scrolls
 h - 6 scrolls of identify
 l - a scroll of enchant weapon {unknown}
 m - a scroll of magic mapping {unknown}
 n - 3 scrolls of amnesia {unknown}
 p - 3 scrolls of teleportation
 r - 3 scrolls of enchant armour {unknown}
 s - 3 scrolls of remove curse {unknown}
 t - a scroll of fog {unknown}
 v - a scroll of immolation {unknown}
 C - 3 scrolls of blinking {unknown}
 J - a scroll of acquirement {unknown}
Potions
 j - a potion of flight
 k - a potion of degeneration
 o - a potion of invisibility {unknown}
 u - a potion of resistance {unknown}
 w - 2 potions of heal wounds {unknown}
 x - 2 potions of stabbing {unknown}
 I - a potion of berserk rage {unknown}
Comestibles
 f - 11 rations


   Skills:
 * Level 5.9 Fighting
 * Level 13.6 Polearms
 + Level 2.0 Throwing
 * Level 3.9 Armour
 * Level 7.4 Dodging
 + Level 0.8 Stealth


You had 8 spell levels left.
You didn't know any spells.
Your spell library contained the following spells:

 Spells                   Type           Power        Failure   Level  Hunger
 Sandblast                Erth           #.....       100%        1    ##.....
 Passwall                 Tmut/Erth      #.......     100%        2    ###....
 Stone Arrow              Conj/Erth      #.....       100%        3    ####...
 Petrify                  Tmut/Erth      #.......     100%        4    #####..
 Lee's Rapid Deconstruct  Erth           #.........   100%        5    ######.


Dungeon Overview and Level Annotations

Branches:
Dungeon (9/15)             Temple (1/1) D:5
   Lair: D:8-11         Orc: D:9-12

Altars:
Ashenzari
Dithmenos
Elyvilon
Fedhas
Gozag
Hepliaklqana
Makhleb
Nemelex Xobeh
Ru
Trog
Uskayaw
Vehumet
Wu Jian
Yredelemnul
Zin
The Shining One

Shops:
D:5 [

Annotations:
D:4 Dowan, Duvessa, Robin
D:5 1 runed translucent door


Message History

You completely miss the death yak.
The death yak is lightly wounded.
The yak gores you. The death yak gores you!
You are too injured to fight recklessly!
You are too injured to fight recklessly!
A death yak comes into view.
The death yak gores you!
* * * LOW HITPOINT WARNING * * *
It was a potion of cancellation.
You feel magically purged.
The yak snorts and paws the ground.
The yak gores you!
* * * LOW HITPOINT WARNING * * *
It was a potion of flight.
You feel very buoyant.
You fly up into the air.
The yak gores you but does no damage.
It was a potion of degeneration.
There was something very wrong with that liquid.
You feel weakened.
You feel dopey.
You feel clumsy. The yak gores you!
You die...

########.# ....
#........# ...#
#........# ...
#........# ..#
#........# ..
#........# #.
#........# .........Y
#.####+##........#
.........
#.@YYY...........##
.........
####YY.............
....YY.
#............###
....Y# #Y........####
#..Y# ####Y........#
#...# #Y†..........#
#...####.##.........+
#..YY..Y............#
#...................#


You could see a death yak and 4 yaks.

Vanquished Creatures
  A troll (D:9)
  A yak (D:9)
  A sky beast (D:5)
  An ice beast (D:5)
  3 ogres (D:8)
  A necrophage (D:8)
  A centaur (D:6)
  Blork the orc (D:5)
  2 bullfrogs (D:8)
  A big kobold (D:9)
  2 wyvern zombies (D:8)
  A scorpion (D:5)
  4 killer bees (D:8)
  3 howler monkeys (D:8)
  7 wights
  A quasit (D:8)
  3 bullfrog skeletons
  A centaur skeleton (D:8)
  3 hounds
  2 orc priests
  4 orc wizards
  An iguana (D:5)
  Ijyb (D:5)
  Terence (D:3)
  A worker ant (D:5)
  A killer bee zombie (D:8)
  A hound zombie (D:5)
  2 hound skeletons
  2 worker ant zombies
  4 gnolls (D:5)
  4 adders
  3 shadow imps
  An ooze (D:6)
  An adder zombie (D:5)
  2 worms (D:3)
  2 dart slugs
  4 leopard geckos
  22 orcs
  7 giant cockroaches
  6 hobgoblins
  4 jackals (D:8)
  3 quokkas
  8 bats
  8 frilled lizards
  9 goblins
  13 kobolds
  A quokka zombie (D:5)
  12 rats
168 creatures vanquished.

Notes
Turn   | Place    | Note
-------+----------+-------------------------------------------
     0 | D:1      | robertstho the Merfolk Gladiator began the quest for the
                  | Orb.
     0 | D:1      | Reached XP level 1. HP: 16/16 MP: 1/1
   351 | D:1      | Reached XP level 2. HP: 20/22 MP: 2/2
   599 | D:1      | Reached skill level 5 in Polearms
   647 | D:1      | Reached XP level 3. HP: 25/28 MP: 3/3
  1323 | D:2      | Found a glowing silver altar of Zin.
  1650 | D:2      | Reached skill level 6 in Polearms
  1650 | D:2      | Reached XP level 4. HP: 32/34 MP: 4/4
  1857 | D:3      | Reached skill level 1 in Armour
  1857 | D:3      | Reached XP level 5. HP: 31/39 MP: 5/5
  1862 | D:3      | Reached skill level 7 in Polearms
  2173 | D:3      | Noticed Terence
  2183 | D:3      | Killed Terence
  2467 | D:3      | Reached skill level 5 in Dodging
  2493 | D:3      | Found a sacrificial altar of Ru.
  3089 | D:4      | Noticed Dowan
  3094 | D:4      | Noticed Duvessa
  3187 | D:4      | Noticed Robin
  3227 | D:4      | Noticed a phantom
  3245 | D:5      | Entered Level 5 of the Dungeon
  3249 | D:5      | Reached XP level 6. HP: 11/47 MP: 6/6
  3382 | D:5      | Noticed an ice beast
  3411 | D:5      | Killed an ice beast
  3411 | D:5      | Reached skill level 8 in Polearms
  3620 | D:5      | Found a white marble altar of Elyvilon.
  3620 | D:5      | Found a runed translucent door.
  3620 | D:5      | Noticed an angel
  3620 | D:5      | Noticed Blork the orc
  3632 | D:5      | Killed Blork the orc
  3632 | D:5      | Reached XP level 7. HP: 42/53 MP: 7/7
  3714 | D:5      | Found Cyohi's Antique Armour Boutique.
  3790 | D:5      | Reached skill level 9 in Polearms
  4086 | D:5      | Noticed Ijyb
  4094 | D:5      | Killed Ijyb
  4156 | D:5      | Found a radiant altar of Vehumet.
  4186 | D:5      | Found a staircase to the Ecumenical Temple.
  4191 | D:5      | Got a shimmering quarterstaff
  4198 | Temple   | Entered the Ecumenical Temple
  4563 | D:5      | Found a white marble altar of Elyvilon.
  4879 | D:6      | Reached skill level 10 in Polearms
  4879 | D:6      | Reached XP level 8. HP: 44/60 MP: 8/8
  5148 | D:6      | You fall into a shaft and drop 2 floors!
  5457 | D:8      | Reached skill level 11 in Polearms
  5547 | D:8      | Found an ornate altar of the Wu Jian Council.
  5691 | D:8      | Reached skill level 12 in Polearms
  5780 | D:8      | Reached skill level 5 in Fighting
  5780 | D:8      | Reached XP level 9. HP: 46/68 MP: 9/9
  6598 | D:9      | Reached skill level 13 in Polearms
  6613 | D:9      | Found an opulent altar of Gozag.
  6676 | D:9      | Noticed a troll
  6695 | D:9      | Killed a troll
  6886 | D:9      | Noticed a death yak
  6889 | D:9      | Noticed a death yak
  6906 | D:9      | Noticed a death yak
  6914 | D:9      | Slain by a yak

Illustrated notes

Levels and vault maps discovered:
D:1:      onia_arrival_pyramid, layout_loops_cross, minmay_strange_pillars,
          minmay_pentomino_v4
D:2:      layout_loops_ring, zin_academy
D:3:      layout_basic, marbit_many_paths, first_ration, hangedman_glass_teeth,
          uniq_terence
D:4:      layout_rooms, xom_teletrap_fun, nicolae_qazlal_style_of_elements,
          uniq_sigmund, uniq_robin, uniq_menkaure, uniq_duvessa
D:5:      layout_loops_ring, old_standard_altar, overflow_temple_1_default,
          minmay_temple_entry_stoned_glass, serial_shops, shop,
          portal_sewer_entry_f, lemuel_angel_altar, uniq_blork_the_orc,
          uniq_ijyb
D:6:      layout_cave_pools, kennysheep_vampire_church, serial_shops, shop
D:8:      layout_rooms, old_standard_altar
D:9:      layout_basic, nicolae_gozag_cash_rules_everything_around_me,
          okawaru_gym_becter, dpeg_lair_monsters, special_room
          [special_room_kobold], minivault_16
Temple:   jpeg_temple_alley_garden

Skill      XL: |  1  2  3  4  5  6  7  8  9 |
---------------+----------------------------+-----
Polearms       | 5 6 7 8 10 12 13 | 13.6
Armour         | 1 2 3 |  3.9
Fighting       | 3 4 5 |  5.9
Dodging        | 5 6 7 |  7.4
Throwing       | |  2.0
Stealth        | |  0.8

Action                   |  1- 3 |  4- 6 |  7- 9 || total
-------------------------+-------+-------+-------++-------
Melee: Trident           |   119 |   209 |     7 ||   335
       Halberd           |       |       |   438 ||   438
  Use: Potion            |       |     4 |     6 ||    10
       Scroll            |       |     2 |     1 ||     3
 Stab: Sleeping          |     3 |       |       ||     3
  Eat: Chunk             |     2 |     7 |     8 ||    17
       Ration            |       |       |     1 ||     1
Armor: Leather armour    |    18 |     3 |       ||    21
       Scale mail        |       |    37 |       ||    37
       Plate armour      |       |     8 |   263 ||   271
Dodge: Dodged            |    61 |   111 |   261 ||   433
